Map: Lerilak Crest

Players

LilDicky - Winner!

  • Race: Protoss Protoss
  • League: Diamond

MIke

  • Race: Terran Terran
  • League: Silver

VOD

http://www.twitch.tv/tumescentpie

Description

Time

  • Played on: Dec. 13, 2015, 9:31 p.m.
  • Length: 6:32
Show
View Real Time Build Order
Export as new Build Order

LilDicky Protoss - Winner!

Build Orders:  

Get SALT Encoding   

  12  0:06  Probe (Chrono Boost)  
  13  0:17  Probe (Chrono Boost)  
  14  0:27  Probe (Chrono Boost), Pylon  
  15  0:45  Probe (Chrono Boost), Gateway  
  16  0:50  Assimilator  
  16  0:56  Probe (Chrono Boost)  
  17  1:06  Probe (Chrono Boost)  
  18  1:12  Assimilator  
  18  1:17  Probe (Chrono Boost)  
  19  1:25  Pylon  
  19  1:32  Cybernetics Core  
  19  1:36  Probe (Chrono Boost)  
  20  1:52  Probe (Chrono Boost)  
  21  1:55  Pylon  
  21  2:03  Probe (Chrono Boost)  
  21  2:08  Warp Gate (Chrono Boost)  
  22  2:14  Mothership Core (Chrono Boost)  
  24  2:30  Gateway  
  24  2:31  Stargate  
  24  2:39  Gateway  
  24  2:44  Probe (Chrono Boost)  
  24  2:49  Stalker  
  27  3:17  Void Ray (Chrono Boost)  
  29  4:03  Pylon  
  29  4:15  Pylon  
  29  4:16  Pylon  
  29  4:26  Void Ray (Chrono Boost)  
  33  4:33  Pylon  
  33  4:43  Pylon  
  33  4:56  Adept  
  33  4:57  Adept x2  
  35  5:28  Adept x3  
  35  5:33  Void Ray (Chrono Boost)  
  34  6:10  Adept x2  
  34  6:11  Adept  
Show
View Real Time Build Order
Export as new Build Order

MIke Terran 

Build Orders:  

Get SALT Encoding   

  12  0:01  SCV  
  13  0:13  SCV  
  14  0:19  Supply Depot  
  14  0:25  SCV  
  15  0:40  SCV  
  15  0:41  Barracks  
  16  0:52  SCV  
  16  0:56  Refinery  
  17  1:04  SCV  
  18  1:16  SCV  
  19  1:29  Orbital Command  
  19  1:32  Barracks Tech Lab  
  19  1:49  Supply Depot  
  19  1:50  Barracks  
  19  1:52  Marauder  
  21  1:56  SCV, Refinery  
  23  2:08  SCV, Concussive Shells  
  23  2:14  Marauder  
  25  2:20  SCV  
  25  2:21  Supply Depot  
  26  2:32  SCV  
  26  2:35  Marauder  
  29  2:44  SCV  
  30  2:51  Barracks Tech Lab  
  30  2:59  Marine  
  30  3:17  Marauder, Marine  
  33  3:21  Stimpack  
  33  3:25  Command Center, SCV  
  34  3:35  Marauder  
  34  3:37  SCV  
  34  3:39  Marauder  
  34  3:40  Supply Depot  
  39  3:42  Supply Depot  
  38  4:02  Marauder x2  
  42  4:05  Supply Depot  
  42  4:07  SCV  
  43  4:21  Engineering Bay  
  43  4:23  Marine x2  
  45  4:44  Marine x2  
  45  4:54  Missile Turret  
  45  4:55  Missile Turret  
  45  4:57  Missile Turret  
  38  5:01  Missile Turret  
  38  5:02  Marine x2  
  35  5:09  Missile Turret  
  35  5:12  Missile Turret  
  34  5:20  Marine x2  
  34  5:38  Marine x2  
  32  5:55  Marine  
  32  5:56  SCV, Marine  
  35  5:58  Orbital Command  
  33  6:13  Marine  
Tags
 
Add a new tag
Caveats
  • Supply blocks, unpowered buildings, or Contaminate may cause inaccurate times.
  • Supply counts are checked every 10 seconds.